 Dungeon Crawl Stone Soup version 0.21-a0-584-g185da8e (webtiles) character file.

6864 sithsevirus the Zephyrmancer (level 10, -5/86 HPs)
             Began as a Yellow Draconian Air Elementalist on Dec 21, 2017.
             Was a Believer of Sif Muna.
             Slain by an orc warrior
             ... wielding a +0 scimitar
              (20 damage)
             ... on level 9 of the Dungeon.
             The game lasted 01:03:44 (13893 turns).

sithsevirus the Zephyrmancer (DrAE)                Turns: 13893, Time: 01:03:46

Health: -5/86      AC: 10    Str: 15    XL:     10   Next: 78%
Magic:  5/13       EV: 12    Int: 19    God:    Sif Muna [**....]
Gold:   422        SH:  4    Dex: 11    Spells: 3/14 levels left

rFire    . . .     SeeInvis .   O - +3 trident
rCold    . . .     Gourm    .   l - +0 buckler
rNeg     . . .     Faith    .   (armour unavailable)
rPois    .         Spirit   .   (helmet restricted)
rElec    .         Reflect  .   y - +1 cloak
rCorr    +         Harm     .   (no gloves)
MR       .....                  I - +0 pair of boots
Stlth    ++++......             (no amulet)
HPRegen  0.24/turn              k - +4 ring of strength
MPRegen  0.13/turn              x - ring of stealth

@: no status effects
A: spit acid, acid resistance, unfitting armour, cold-blooded, AC +7
a: Breathe Acid, Divine Energy, Renounce Religion


You were on level 9 of the Dungeon.
You worshipped Sif Muna.
Sif Muna was pleased with you.
You were hungry.

You visited 2 branches of the dungeon, and saw 10 of its levels.

You collected 422 gold pieces.

Inventory:

Hand Weapons
 a - a +0 spear
 b - a +0 hunting sling
 O - a +3 trident (weapon)
Missiles
 c - 292 stones
 v - 5 tomahawks (quivered)
 H - 36 sling bullets
Armour
 l - a +0 buckler (worn)
 y - a +1 cloak (worn)
 I - a +0 pair of boots (worn)
Jewellery
 k - a +4 ring of strength (left hand)
 x - a ring of stealth (right hand)
 D - an uncursed ring of poison resistance {unknown}
 E - an uncursed amulet of faith {unknown}
Wands
 j - a wand of iceblast (8)
 A - a wand of polymorph (12)
 B - a wand of acid (4)
Scrolls
 d - 9 scrolls of identify {unknown}
 e - a scroll of blinking {unknown}
 f - a scroll of noise {unknown}
 i - 6 scrolls of teleportation {unknown}
 m - 3 scrolls of fog {unknown}
 n - 3 scrolls of enchant armour {unknown}
 t - 7 scrolls of remove curse {unknown}
 u - 3 scrolls of enchant weapon {unknown}
 w - 4 scrolls of immolation {unknown}
 F - a scroll of magic mapping {unknown}
 R - a scroll of brand weapon {unknown}
Potions
 g - a potion of resistance {unknown}
 p - 3 potions of mutation {unknown}
 q - a potion of flight {unknown}
 r - 2 potions of lignification {unknown}
 s - 2 potions of agility {unknown}
 z - a potion of cancellation {unknown}
 C - 2 potions of might {unknown}
 G - a potion of degeneration {unknown}
 N - a potion of curing
Books
 h - a book of Air

   Spells                             Type                      Level
   a - Shock                          Conjuration/Air              1
   b - Swiftness                      Charms/Air                   2
   c - Static Discharge               Conjuration/Air              3
   d - Airstrike                      Air                          4
   e - Lightning Bolt                 Conjuration/Air              5
 J - a book of Cantrips

   Spells                             Type                      Level
   a - Confusing Touch                Hexes                        1
   b - Animate Skeleton               Necromancy                   1
   c - Summon Small Mammal            Summoning                    1
   d - Apportation                    Translocation                1
 K - a book of Callings

   Spells                             Type                      Level
   a - Summon Small Mammal            Summoning                    1
   b - Call Imp                       Summoning                    2
   c - Call Canine Familiar           Summoning                    3
   d - Summon Guardian Golem          Hexes/Summoning              3
   e - Summon Lightning Spire         Summoning/Air                4
   f - Summon Ice Beast               Ice/Summoning                4
 L - a book of Death

   Spells                             Type                      Level
   a - Corpse Rot                     Necromancy                   2
   b - Sublimation of Blood           Necromancy                   2
   c - Agony                          Necromancy                   5
   d - Dispel Undead                  Necromancy                   5
   e - Excruciating Wounds            Charms/Necromancy            5
   f - Bolt of Draining               Conjuration/Necromancy       5
 M - a book of Enchantments

   Spells                             Type                      Level
   a - Cause Fear                     Hexes                        4
   b - Yara's Violent Unravelling     Hexes/Transmutation          5
   c - Silence                        Hexes/Air                    5
   d - Deflect Missiles               Charms/Air                   6
   e - Discord                        Hexes                        8
 Q - Itovvesu's Papyrus of Enhancements and Venom
   (You found it on level 9 of the Dungeon)

   Spells                             Type                      Level
   a - Infusion                       Charms                       1
   b - Shroud of Golubria             Charms/Translocation         2
   c - Swiftness                      Charms/Air                   2
   d - Song of Slaying                Charms                       2
   e - Regeneration                   Charms/Necromancy            3
   f - Ignite Poison                  Fire/Transmutation/Poison    3
   g - Deflect Missiles               Charms/Air                   6
Comestibles
 o - 15 rations
 P - 2 chunks of flesh


   Skills:
 - Level 7.0 Fighting
 + Level 4.3 Polearms
 - Level 1.7 Dodging
 - Level 7.0 Stealth
 - Level 4.0 Shields
 + Level 2.5 Spellcasting
 + Level 7.6 Conjurations
 + Level 5.2 Summonings
 + Level 8.2 Air Magic


You had 3 spell levels left.
You knew the following spells:

 Your Spells              Type           Power        Failure   Level  Hunger
a - Shock                 Conj/Air       ####         1%          1    #......
b - Airstrike             Air            ####......   5%          4    #####..
c - Lightning Bolt        Conj/Air       ####......   17%         5    ######.
d - Summon Small Mammal   Summ           ###.         1%          1    #......


Dungeon Overview and Level Annotations

Branches:
Dungeon (9/15)             Temple (1/1) D:4
   Lair: D:8-11         Orc: D:9-12

Altars:
Ashenzari
Cheibriados
Dithmenos
Elyvilon
Fedhas
Gozag
Hepliaklqana
Kikubaaqudgha
Makhleb
Nemelex Xobeh
Okawaru
Qazlal
Ru
Sif Muna
Trog
Uskayaw
Vehumet
Wu Jian
Xom
Yredelemnul
Zin
The Shining One

Shops:
D:6 ?


Innate Abilities, Weirdness & Mutations

You can spit globs of acid.
You are resistant to acid.
Your golden yellow scales are hard. (AC +7)
You cannot fit into any form of body armour.
You are cold-blooded and may be slowed by cold attacks.


Message History

Confirm with . or Enter, or press ? or * to list all spells.
Aiming: Shock
Press: ? - help, Shift-Dir - straight line, f/p - orc
Aim: an orc (heavily wounded)
The zap hits the orc warrior.
The orc warrior is severely wounded.
The zap misses the orc.
The orc warrior hits you but does no damage.
Casting: Shock
Confirm with . or Enter, or press ? or * to list all spells.
Aiming: Shock
Press: ? - help, Shift-Dir - straight line, f/p - orc
Aim: an orc (heavily wounded)
The zap hits the orc warrior.
The orc warrior is severely wounded.
The zap hits the orc.
You kill the orc!
Sif Muna accepts your kill.
The orc warrior hits you with a scimitar!!
You die...

#..# #..# #..# #..# #..# #..#
#..# #..# #..# #..# #..# #..#
#..# #.<# #..# #..#
####..#########..####..#####..###
.................................
..)................>.......(.(...
######..##..#################....
#........(o@..# #....
#...####.####.# #....
#...##.o...##.# #....
#...#.......#.# #....
######...#.......#.##########....
............._...................
.........#.......#...............
......##.#.......#.##............
.........##.....##.##............


You could see an orc warrior.

Vanquished Creatures
  A two-headed ogre (D:8)
  Pikel (D:5)
  The ghost of rabbitfr the Geomancer, a novice GrEE of Vehumet (D:7)
  2 hippogriffs
  A wyvern (D:8)
  Menkaure (D:6)
  2 water moccasins
  Duvessa (D:5)
  2 orc warriors
  A black bear (D:9)
  3 slaves (D:5)
  A necrophage (D:5)
  A hornet zombie (D:9)
  5 phantoms
  6 ogres
  3 centaurs
  2 crocodiles
  3 big kobolds
  Blork the orc (D:4)
  6 bullfrogs
  Dowan (D:5)
  A water moccasin zombie (D:5)
  2 scorpions (D:4)
  5 wights (D:8)
  A howler monkey (D:7)
  4 crimson imps
  2 bullfrog zombies
  2 quasits
  2 hounds (D:5)
  3 jellies
  A gnoll shaman (D:7)
  4 orc priests
  A centaur skeleton (D:6)
  2 iguanas
  Jessica (D:2)
  6 orc wizards
  10 worker ants
  A hound skeleton (D:8)
  A worker ant zombie (D:7)
  11 gnolls
  12 adders
  2 shadow imps
  2 oozes (D:1)
  An adder skeleton (D:9)
  4 worms
  2 dart slugs
  3 leopard geckos
  36 orcs
  A ball python (D:4)
  8 bats
  8 giant cockroaches
  6 goblins
  11 hobgoblins
  24 jackals
  6 quokkas
  6 frilled lizards
  A jackal skeleton (D:5)
  23 kobolds
  A leopard gecko zombie (D:6)
  8 rats
270 creatures vanquished.

Vanquished Creatures (others)
  A slave (D:5)
  An orc wizard (D:7)
  An adder (D:5)
  A shadow imp (D:5)
4 creatures vanquished.

Grand Total: 274 creatures vanquished

Notes
Turn   | Place    | Note
-------+----------+-------------------------------------------
     0 | D:1      | sithsevirus the Draconian Air Elementalist began the quest for the Orb.
     0 | D:1      | Reached XP level 1. HP: 14/14 MP: 3/3
   188 | D:1      | Reached XP level 2. HP: 22/22 MP: 0/5
   429 | D:1      | Reached skill level 1 in Fighting
   744 | D:1      | Reached XP level 3. HP: 28/28 MP: 3/6
  1283 | D:2      | Noticed Jessica
  1289 | D:2      | Killed Jessica
  1289 | D:2      | Reached XP level 4. HP: 36/36 MP: 1/7
  3015 | D:3      | Reached XP level 5. HP: 41/41 MP: 4/8
  3541 | D:3      | Reached skill level 1 in Shields
  3656 | D:3      | Reached skill level 4 in Air Magic
  4372 | D:4      | Found a staircase to the Ecumenical Temple.
  4372 | D:4      | Noticed Blork the orc
  4396 | D:4      | Reached XP level 6. HP: 30/50 MP: 1/9
  4897 | D:4      | Your scales start taking on a golden yellow colour.
  4897 | D:4      | Reached XP level 7. HP: 10/57 MP: 3/10
  5158 | D:4      | Killed Blork the orc
  6174 | D:5      | Entered Level 5 of the Dungeon
  6186 | D:5      | Reached skill level 5 in Air Magic
  6205 | D:5      | Reached XP level 8. HP: 32/67 MP: 0/11
  6637 | D:5      | Learned a level 4 spell: Airstrike
  6643 | D:5      | Learned a level 5 spell: Lightning Bolt
  7049 | D:5      | Noticed Duvessa
  7049 | D:5      | Noticed Dowan
  7057 | D:5      | Killed Duvessa
  7078 | D:5      | Killed Dowan
  7078 | D:5      | Reached skill level 5 in Fighting
  7078 | D:5      | Reached skill level 5 in Stealth
  7331 | D:5      | Noticed Pikel
  7348 | D:5      | Killed Pikel
  7348 | D:5      | Reached skill level 5 in Conjurations
  7348 | D:5      | Reached skill level 6 in Air Magic
  7493 | Temple   | Entered the Ecumenical Temple
  7655 | Temple   | Became a worshipper of Sif Muna the Loreminder
  7883 | D:5      | Reached XP level 9. HP: 71/75 MP: 5/12
  8943 | D:6      | Found Boercha's Magic Scroll Shop.
  9016 | D:6      | Noticed Menkaure
  9022 | D:6      | Killed Menkaure
  9926 | D:7      | Reached skill level 1 in Polearms
 10060 | D:7      | Reached skill level 7 in Air Magic
 10285 | D:7      | Learned a level 1 spell: Summon Small Mammal
 10520 | D:7      | Reached skill level 1 in Summonings
 10685 | D:7      | Noticed rabbitfr's ghost (novice GrEE)
 10703 | D:7      | Killed rabbitfr's ghost
 10877 | D:7      | Reached XP level 10. HP: 71/86 MP: 4/13
 11360 | D:8      | Reached * piety under Sif Muna
 11433 | D:8      | Noticed a two-headed ogre
 11438 | D:8      | Killed a two-headed ogre
 12326 | D:8      | Reached ** piety under Sif Muna
 13078 | D:9      | Reached skill level 8 in Air Magic
 13256 | D:9      | Identified Itovvesu's Papyrus of Enhancements and Venom
 13340 | D:9      | Reached skill level 5 in Summonings
 13658 | D:9      | Found a hazy altar of Hepliaklqana.
 13893 | D:9      | Slain by an orc warrior

Vault maps used:
D:1:      dpeg_arrival_prison
D:2:      kennysheep_six_static_rooms, uniq_jessica
D:3:      first_ration, kennysheep_generic_room_3
D:4:      minmay_temple_entry_large_hall, uniq_blork_the_orc
D:5:      nrook_uturn, uniq_duvessa, uniq_pikel
D:6:      serial_shops, shop, uniq_menkaure
D:7:      minmay_a_box_with_orc_wizards_in_it
D:8:      grunt_potential
D:9:      old_standard_altar
Temple:   kilobyte_greek_temple

Skill      XL: |  1  2  3  4  5  6  7  8  9 10 |
---------------+-------------------------------+-----
Stealth        | 2 3 4 5 6 7 |  7.0
Fighting       | 1 2 3 4 5 7 |  7.0
Conjurations   | 2 3 4 5 6 7 |  7.6
Shields        | 1 2 3 4 |  4.0
Air Magic      | 4 5 6 7 8 |  8.2
Polearms       | 2 4 |  4.3
Summonings     | 2 5 |  5.2
Dodging        | |  1.7
Spellcasting   | |  2.5

Action                   |  1- 3 |  4- 6 |  7- 9 | 10-12 || total
-------------------------+-------+-------+-------+-------++-------
Melee: Short sword       |     1 |       |       |       ||     1
       Mace              |     4 |     1 |       |       ||     5
       Spear             |       |    58 |    71 |       ||   129
       Tailslap          |       |     5 |    18 |     8 ||    31
       Unarmed           |       |       |    17 |       ||    17
       Scythe            |       |       |    37 |    53 ||    90
       Trident           |       |       |       |    53 ||    53
 Fire: Hunting sling     |       |    38 |       |       ||    38
 Cast: Shock             |    69 |   163 |   297 |   237 ||   766
 Abil: Breathe Acid      |       |       |     9 |     9 ||    18
  Use: Potion            |       |     7 |     1 |     2 ||    10
  Eat: Chunk             |     2 |    14 |    20 |     7 ||    43
       Ration            |       |       |     1 |     2 ||     3
Armor: Skin              |     2 |    34 |    81 |    87 ||   204
Dodge: Dodged            |     7 |    49 |   129 |    98 ||   283
Block: Buckler           |       |       |     1 |    18 ||    19

Table legend:
 A = Spawn XP
 B = Non-spawn XP
 C = Spawn XP percentage of total XP
 D = Spawn monster count
 E = Non-spawn monster count
 F = Spawn count percentage of total count
 G = Total turns spent on level
                    A         B        C        D         E        F      G
               +---------+---------+-------+---------+---------+-------+---------
         Total |       0 |    9806 |   0.0 |       0 |     268 |   0.0 | 13893
               +---------+---------+-------+---------+---------+-------+---------
           D:1 |       0 |      57 |   0.0 |       0 |      25 |   0.0 |  1078
           D:2 |       0 |     135 |   0.0 |       0 |      26 |   0.0 |  2122
           D:3 |       0 |     166 |   0.0 |       0 |      27 |   0.0 |  1157
           D:4 |       0 |     806 |   0.0 |       0 |      28 |   0.0 |  1860
           D:5 |       0 |    2015 |   0.0 |       0 |      26 |   0.0 |  1967
           D:6 |       0 |     790 |   0.0 |       0 |      28 |   0.0 |  1511
           D:7 |       0 |    1690 |   0.0 |       0 |      24 |   0.0 |  1179
           D:8 |       0 |    2926 |   0.0 |       0 |      57 |   0.0 |  1901
           D:9 |       0 |    1221 |   0.0 |       0 |      27 |   0.0 |   913
               +---------+---------+-------+---------+---------+-------+---------
